 Dungeon Crawl Stone Soup version 0.28-a0-1485-g077359a4bf (webtiles) character file.

Game seed: 3253599410387224084

116 mopl the Sneak (level 5, -2/33 (34) HPs)
             Began as an Octopode Brigand on Jan 11, 2022.
             Slain by an orc priest (5 damage)
             ... on level 2 of the Dungeon.
             The game lasted 00:04:29 (2614 turns).

mopl the Sneak (Octopode Brigand)                   Turns: 2614, Time: 00:04:30

HP:   -2/33 (34)    AC:  1    Str: 10    XL:     5   Next: 0%
MP:   5/5           EV: 12    Int: 14    God:
Gold: 65            SH:  0    Dex: 15    Spells: 4/4 levels left

rFire   . . .      SeeInvis .   a - +2 dagger
rCold   . . .      Faith    .   (no shield)
rNeg    . . .      Spirit   .   (helmet restricted)
rPois   .          Reflect  .   (no amulet)
rElec   .          Harm     .   (no ring)
rCorr   .          Rampage  .   (no ring)
Will    .....                   (no ring)
Stlth   +++++.....              (no ring)
HPRegen 0.11/turn               (no ring)
MPRegen 0.09/turn               (no ring)
                                (no ring)
                                (no ring)

@: lightly drained
A: almost no armour, amphibious, 8 rings, camouflage 1, gelatinous body 1,
(nimble swimmer 1), tentacles
a: no special abilities


You were on level 2 of the Dungeon.
You visited 1 branch of the dungeon, and saw 4 of its levels.

You collected 65 gold pieces.

Inventory:

Hand Weapons
 a - a +2 dagger (weapon)
Missiles
 b - 7 poisoned darts (quivered)
 c - 2 curare-tipped darts
Scrolls
 e - 2 scrolls of enchant weapon {unknown}
 h - 3 scrolls of identify {unknown}
 i - 2 scrolls of silence {!r}
 k - a scroll of enchant armour {unknown}
 l - a scroll of teleportation {unknown}
 m - a scroll of noise {unknown}
Potions
 d - a potion of mutation {unknown}
 f - a potion of attraction {unknown}
 g - 2 potions of degeneration {unknown}
 j - a potion of heal wounds {unknown}


   Skills:
 - Level 2.0 Fighting
 - Level 2.0 Short Blades
 + Level 3.2 Throwing
 - Level 1.0 Dodging
 * Level 7.6 Stealth


You had 4 spell levels left.
You didn't know any spells.
Your spell library contained the following spells:

 Spells                   Type           Power      Damage    Failure   Level
 Sandblast                Erth           0%         2d4       28%         1
 Sting                    Tmut/Pois      0%         1d3       28%         1
 Passwall                 Tmut/Erth      0%         N/A       41%         2
 Poisonous Vapours        Pois/Air       0%         N/A       41%         2
 Stone Arrow              Conj/Erth      0%         3d7       65%         3
 Olgreb's Toxic Radiance  Pois           0%         N/A       96%         4


Dungeon Overview and Level Annotations

Branches:
Dungeon (4/15)
 Temple: D:4-7

Altars:
Ru
Sif Muna

Annotations:
D:1 dig
D:3 Edmund


Innate Abilities, Weirdness & Mutations

You cannot wear most types of armour.
You are amphibious.
You can wear up to eight rings at the same time.
Your skin changes colour to match your surroundings (Stealth+).
Your rubbery body absorbs attacks. (AC +1, EV +1)
((You are camouflaged when in or above water. (Stealth+)))
You have tentacles for arms and can constrict up to eight enemies at once.


Message History

The orc is heavily wounded.
You constrict the orc. The orc closely misses you.
You hit the orc but do no damage. You squeeze the orc.
You kill the orc!
You have reached level 5!
You feel clever.
Items here: ))) [[ †††.
You start resting.
HP restored.
There is a stone staircase leading down here.
You climb downwards.
Level annotation: Edmund The orc priest invokes the aid of Beogh against you.
Beogh smites you! The orc closely misses you.
There is a stone staircase leading up here.
You hit the orc priest but do no damage.
Your grab misses the orc priest. Your squeeze misses the orc priest.
The orc barely misses you.
The orc priest hits you with a +0 dagger.
The orc hits you with a +0 mace.
The orc priest hits you with a +0 dagger.
You climb upwards.
There is a stone staircase leading down here.
You hit the orc priest but do no damage.
Your grab misses the orc priest. You squeeze the orc priest!
The orc priest is heavily wounded.
The orc hits you with a +0 mace.
* * * LOW HITPOINT WARNING * * *
You hit the orc priest. Your grab misses the orc priest.
You squeeze the orc priest, but do no damage.
The orc priest is heavily wounded.
The orc priest hits you but does no damage.
The orc hits you with a +0 mace.
* * * LOW HITPOINT WARNING * * *
Unknown command.
You hit the orc priest. You grab the orc priest.
The orc priest is severely wounded.
You constrict the orc priest, but do no damage.
The orc priest hits you with a +0 dagger.
You die...

#########
#.......########
#.##...........#
#.##.##.######.#
#.#...#.# #.#
###########...o@o.#
#.#
#.................#
#.#
#.############.####
#.# #.# #[# #.####
#.# #.# #....# #.#
##'## ####.# ##.####
##...## #.# ......###
##.....## ####.#
#>......####.......##
##.##<#


You could see an orc priest and an orc.

Vanquished Creatures
  An iguana (D:2)
  2 adders
  An adder skeleton (D:4)
  A dart slug (D:4)
  4 orcs
  3 bats
  5 endoplasms
  5 giant cockroaches
  3 goblins
  5 hobgoblins
  6 jackals
  3 kobolds
  3 quokkas
  7 ball pythons
  4 frilled lizards
  4 rats
57 creatures vanquished.

Notes
Turn   | Place    | Note
-------+----------+-------------------------------------------
     0 | D:1      | mopl the Octopode Brigand began the quest for the Orb.
     0 | D:1      | Reached XP level 1. HP: 14/14 MP: 1/1
     8 | D:1      | Noticed a centaur
   291 | D:1      | Reached XP level 2. HP: 17/19 MP: 2/2
   376 | D:1      | Found a faded altar of an unknown god.
   384 | D:1      | Reached skill level 6 in Stealth
   391 | D:1      | Prayed at the altar of an unknown god.
   391 | D:1      | Became a worshipper of Ru the Awakened
   392 | D:1      | Fell from the grace of Ru
   686 | D:1      | Reached XP level 3. HP: 24/24 MP: 3/3
  1057 | D:2      | Reached skill level 7 in Stealth
  1057 | D:2      | Reached XP level 4. HP: 29/29 MP: 4/4
  1172 | D:2      | You fall into a shaft and drop 2 floors!
  1172 | D:4      | Found a shimmering blue altar of Sif Muna.
  1244 | D:4      | Noticed Edmund
  1264 | D:4      | Reached skill level 3 in Throwing
  1391 | D:4      | Noticed a black bear
  1403 | D:4      | Noticed a scorpion
  2470 | D:2      | Reached XP level 5. HP: 18/33 MP: 5/5
  2614 | D:2      | Slain by an orc priest

Illustrated notes

Levels and vault maps discovered:
D:1:      evilmike_arrival_come_back, layout_rooms,
          nicolae_ecumenical_snake_handling
D:2:      layout_loops_corners
D:3:      layout_basic, zin_angel, serial_co_window_serial, co_window_corner_a,
          co_window_of_opportunity_a, co_window_paths_a, co_window_paths_a,
          co_window_corner_a, co_window_broadway_b, co_window_unsneaky_path_e,
          co_window_of_opportunity_c, co_window_corner_b, co_window_corner_b,
          co_window_broadway_a, co_window_cross_2
D:4:      layout_rooms, nicolae_sif_muna_condensation, lemuel_another_geyser,
          uniq_edmund

Skill      XL: |  1  2  3  4 |
---------------+-------------+-----
Stealth        | 6 7 |  7.6
Throwing       | 3 |  3.2
Fighting       | |  2.0
Short Blades   | |  2.0
Dodging        | |  1.0

Action                   |  1- 3 |  4- 6 || total
-------------------------+-------+-------++-------
Melee: Dagger            |    42 |    64 ||   106
       Constrict         |     9 |    18 ||    27
       Tentacles         |     6 |    17 ||    23
       Punch             |     2 |     2 ||     4
Throw: Dart              |     3 |       ||     3
Invok: Renounce Religion |     1 |       ||     1
  Use: Scroll            |       |     1 ||     1
 Stab: Sleeping          |    10 |     5 ||    15
Armor: Skin              |     2 |     5 ||     7
Dodge: Dodged            |    19 |    44 ||    63

Table legend: (Time is in decaauts)
 A = Elapsed time spent in this place.
 B = Non-inter-level travel time spent in this place.
 C = Inter-level travel time spent in this place.
 D = Time resting spent in this place.
 E = Time spent auto-exploring this place.
 F = Levels seen in this place.
 G = Mean time per level.
                   A        B        C        D        E       F      G
               +--------+--------+--------+--------+--------+-----+--------+
         Total |   2604 |   2507 |     97 |    936 |    987 |   4 |  651.0 |
       Dungeon |   2604 |   2507 |     97 |    936 |    987 |   4 |  651.0 |
               +--------+--------+--------+--------+--------+-----+--------+

Top non-repeatable levels by time:
     D:2: 1337 daAuts
     D:1: 868 daAuts
     D:4: 246 daAuts
     D:3: 152 daAuts
